 Dungeon Crawl Stone Soup version 0.30.0-29-ga12c61a403 (webtiles) character file.

Game seed: 15421430703245891275

536 ChiefBigBeans the Ducker (level 7, -1/52 (54) HPs)
             Began as a Demonspawn Gladiator on June 21, 2023.
             Was a Follower of Qazlal.
             Slain by a wight
             ... wielding a +0 trident
              (7 damage)
             ... on level 5 of the Dungeon.
             The game lasted 00:13:17 (3135 turns).

ChiefBigBeans the Ducker (Demonspawn Gladiator)     Turns: 3135, Time: 00:13:18

HP:   -1/52 (54)    AC:  9    Str: 15    XL:     7   Next: 4%
MP:   7/7           EV: 10    Int: 14    God:    Qazlal [*.....]
Gold: 237           SH: 14    Dex: 13    Spells: 6/6 levels left

rFire   . . .        u - +2 hand axe (elec)
rCold   . . .        a - +0 buckler
rNeg    . . .        h - +0 scale mail
rPois   .            (helmet restricted)
rElec   .            v - +0 cloak
rCorr   .            (no gloves)
SInv    +            b - +0 pair of boots
Will    .....        p - amulet of reflection Stlth
                     g - ring of see invisible
HPRegen 0.28/turn    (no ring)
MPRegen 0.10/turn

%: reflection
@: lightly drained
A: antennae 1, large bone plates 1, demonic guardian 1, spiny 2, clever 1,
evolution 1, MP-powered wands
a: Renounce Religion


You were on level 5 of the Dungeon.
You worshipped Qazlal.
Qazlal was aware of your devotion.
You visited 1 branch of the dungeon, and saw 5 of its levels.

You collected 237 gold pieces.

Inventory:

Hand Weapons
 u - a +2 hand axe of electrocution (weapon)
Armour
 a - a +0 buckler (worn)
 b - a +0 pair of boots (worn)
 h - a +0 scale mail (worn)
 v - a +0 cloak (worn)
Jewellery
 g - a ring of see invisible (left hand)
 i - an amulet of regeneration
 p - an amulet of reflection (around neck)
 t - an amulet of guardian spirit
Wands
 o - a wand of digging (7)
 q - a wand of flame (12)
Scrolls
 j - 2 scrolls of fog
Potions
 c - a potion of might {unknown}
 k - a potion of curing
 l - a potion of resistance
 s - a potion of flight


   Skills:
 + Level 4.0 Fighting
 + Level 2.4(3.4) Axes
 - Level 3.6(4.0) Polearms
 - Level 1.7 Throwing
 + Level 3.0 Armour
 - Level 4.1 Dodging
 + Level 0.5 Shields


You had 6 spell levels left.
You didn't know any spells.
Your spell library contained the following spells:

 Spells                   Type           Power      Damage    Failure   Level
 Shock                    Conj/Air       0%         1d3       83%         1
 Dazzling Flash           Conj/Hex       0%         N/A       99%         3
 Swiftness                Air            0%         N/A       99%         3
 Volatile Blastmotes      Fire/Tloc      0%         2d10      99%         3
 Airstrike                Air            0%         2d(0-16)  100%        4
 Iskenderun's Mystic Bla  Conj/Tloc      0%         2d3       100%        4
 Starburst                Conj/Fire      0%         6d3       100%        6


Dungeon Overview and Level Annotations

Branches:
Dungeon (5/15)
 Temple: D:4-7

Altars:
Qazlal
Sif Muna
Trog
Vehumet

Annotations:
D:5 Menkaure


Innate Abilities, Weirdness & Mutations

You have a pair of small antennae on your head.
You are partially covered in large bone plates. (SH +4)
A weak demonic guardian rushes to your aid.
You are mostly covered in sharp spines.
Your mind is acute. (Int +4, Str/Dex -1)
You have hidden genetic potential.
You expend magic power (3 MP) to strengthen your wands.


Message History

The orc attacks as you move away! The orc is struck by your spines.
You kill the orc!
Qazlal accepts your kill. The orc attacks as you move away!
You block the orc's attack.
The orc priest attacks as you move away!
You block the orc priest's attack.
Menkaure, Prince of Dust comes into view.
Menkaure shouts!
Menkaure calls on the powers of darkness!
The orc convulses!
Your body is wracked with pain!
The orc closely misses you. You block the wight's attack.
You block the orc's attack.
The air fills with toxic fumes!
As you read the scroll of poison, it crumbles to dust.
The wight closely misses you.
The orc priest invokes the aid of Beogh against you.
Pain shoots through your body! You block the wight's attack.
As you read the scroll of fog, it crumbles to dust.
The scroll dissolves into smoke.
Menkaure gestures wildly while chanting.
Menkaure seems to speed up.
The wight is struck by your spines. The wight completely misses you.
The orc priest invokes the aid of Beogh against you.
Beogh smites you!
A demonic guardian appears!
The wight hits you with a +3 short sword.
You feel drained. The wight hits you but does no damage.
Something shouts, "Get thee gone, thou puking flat-headed lewdster!"
The orc priest attacks as you move away!
You block the orc priest's attack. Menkaure casts a spell at you.
Pain shoots through your body!
* * * LOW HITPOINT WARNING * * *
The wight hits you with a +2 dagger of freezing.
* * * LOW HITPOINT WARNING * * *
You feel drained. The wight freezes you.
* * * LOW HITPOINT WARNING * * *
Your white imp gestures at the wight.
The puff of frost hits the wight.
The wight resists.
The wight hits you from afar with a +0 trident!
You die...

. #########.
#..z.....#
#§.§...:.#
####§.§..(..#
...§M§.§§§§§#
....§§zo§§§§#
#§§zzz§§§#
#§5@§oo§§#
##########


You could see Menkaure (fast), 4 wights, an orc priest, an orc and a friendly
white imp (summoned).

Vanquished Creatures
  A gnoll sergeant (D:4)
  3 scorpions (D:4)
  A hound (D:4)
  2 orc wizards (D:3)
  8 gnolls
  5 adders
  A worm (D:2)
  3 dart slugs
  9 orcs
  2 ball pythons
  2 endoplasms (D:2)
  6 giant cockroaches
  3 goblins
  7 hobgoblins
  4 quokkas
  5 bats
  6 frilled lizards
  6 kobolds
74 creatures vanquished.

Notes
Turn   | Place    | Note
-------+----------+-------------------------------------------
     0 | D:1      | ChiefBigBeans the Demonspawn Gladiator began the quest for
                  | the Orb.
     0 | D:1      | Reached XP level 1. HP: 16/16 MP: 1/1
   218 | D:1      | Gained mutation: You are partially covered in sharp spines.
                  | [demonic ancestry]
   218 | D:1      | Reached XP level 2. HP: 21/22 MP: 2/2
   786 | D:2      | Reached skill level 1 in Armour
   786 | D:2      | Gained mutation: You have a pair of small antennae on your
                  | head. [demonic ancestry]
   786 | D:2      | Reached XP level 3. HP: 28/28 MP: 3/3
  1369 | D:3      | Gained mutation: You are mostly covered in sharp spines.
                  | [demonic ancestry]
  1369 | D:3      | Reached XP level 4. HP: 34/34 MP: 4/4
  1459 | D:3      | Found a stormy altar of Qazlal.
  1467 | D:3      | Became a worshipper of Qazlal Stormbringer
  1545 | D:3      | Found a bloodstained altar of Trog.
  1755 | D:3      | You fall into a shaft and drop 1 floor!
  1756 | D:4      | Noticed a scorpion
  1762 | D:4      | Killed a scorpion
  1763 | D:4      | Reached XP level 5. HP: 40/41 MP: 5/5
  1892 | D:3      | Gained mutation: You have hidden genetic potential. [potion
                  | of mutation]
  1892 | D:3      | Gained mutation: You expend magic power (3 MP) to
                  | strengthen your wands. [potion of mutation]
  2102 | D:3      | Found a shimmering blue altar of Sif Muna.
  2114 | D:3      | Reached * piety under Qazlal
  2291 | D:4      | Reached skill level 1 in Axes
  2442 | D:4      | Gained mutation: You are partially covered in large bone
                  | plates. (SH +4) [demonic ancestry]
  2442 | D:4      | Reached XP level 6. HP: 46/47 MP: 6/6
  2452 | D:4      | Gained mutation: Your mind is acute. (Int +4, Str/Dex -1)
                  | [hidden potential]
  2705 | D:4      | Found a radiant altar of Vehumet.
  3037 | D:4      | Gained mutation: A weak demonic guardian rushes to your
                  | aid. [demonic ancestry]
  3037 | D:4      | Reached XP level 7. HP: 54/54 MP: 7/7
  3127 | D:5      | Entered Level 5 of the Dungeon
  3130 | D:5      | Noticed Menkaure
  3135 | D:5      | Slain by a wight

Illustrated notes

Levels and vault maps discovered:
D:1:      dpeg_arrival_circle_labyrinth_a, layout_basic
D:2:      layout_basic
D:3:      layout_basic, nicolae_qazlal_eye_of_the_storm,
          mainiacjoe_overflow_six_doors_small, kennysheep_orc_sif_temple
D:4:      layout_gridville, nicolae_vehumet_altar_sigil
D:5:      layout_rooms, portal_sewer_entry_a, grunt_ministairs_2, uniq_menkaure,
          uniq_crazy_yiuf_cottage

Skill      XL: |  1  2  3  4  5  6 |
---------------+-------------------+-----
Dodging        | 3 4 |  4.1
Polearms       | 3 |  3.6
Armour         | 1 2 3 |  3.0
Fighting       | 3 4 |  4.0
Axes           | 1 2 |  2.4
Throwing       | |  1.7
Shields        | |  0.5

Action                     |  1- 3 |  4- 6 |  7- 9 || total
---------------------------+-------+-------+-------++-------
  Melee: Trident           |    88 |    45 |       ||   133
         Hand axe          |       |    50 |       ||    50
    Use: Potion            |     4 |     3 |       ||     7
         Scroll            |     7 |     1 |     3 ||    11
 Armour: Leather armour    |    12 |       |       ||    12
         Scale mail        |     6 |    35 |     2 ||    43
  Dodge: Dodged            |    46 |    40 |     3 ||    89
  Block: Other             |       |    36 |       ||    36
         Buckler           |       |     3 |    10 ||    13
